 Dungeon Crawl Stone Soup version 0.19.0 (webtiles) character file.

240253 AlphabetPasta the Unseen (level 18, -18/90 HPs)
             Began as a Spriggan Assassin on Nov 7, 2016.
             Was the Champion of Dithmenos.
             Demolished by a vault warden
             ... wielding a +0 great mace of protection
              (40 damage)
             ... on level 2 of the Vaults on Nov 9, 2016.
             The game lasted 04:43:07 (40715 turns).

AlphabetPasta the Unseen (Spriggan Assassin)       Turns: 40715, Time: 04:43:07

Health: -18/90     AC:  6    Str:  7    XL:     18   Next: 61%
Magic:  1/36       EV: 34    Int: 18    God:    Dithmenos [******]
Gold:   4061       SH: 15    Dex: 25    Spells: 10 memorised, 15 levels left

rFire  + . .     SeeInvis +     a - +7 captain's cutlass {speed, disarm}
rCold  + . .     Gourm    .     P - +2 robe {rC+ rF+}
rNeg   . . .     Faith    .     W - +3 buckler
rPois  .         Spirit   .     (helmet restricted)
rElec  .         Reflect  +     n - +1 cloak
rCorr  .         Harm     .     (gloves unavailable)
MR     +++..                    (boots unavailable)
Stlth  ++++++++++               x - +3 amulet of reflection
                                i - +3 ring of dexterity
                                A - +2 ring of slaying

@: wreathed by umbra, repel missiles, very quick
A: unfitting armour, horns 1, see invisible, clever 1, herbivore 3, speed 3,
slow metabolism 2
a: Shadow Step, Shadow Form, Renounce Religion
}: 2/15 runes: decaying, gossamer


You were on level 2 of the Vaults.
You worshipped Dithmenos.
Dithmenos was exalted by your worship.
You were not hungry.

You visited 7 branches of the dungeon, and saw 34 of its levels.
You also visited: Labyrinth, Ossuary and Ice Cave.

You collected 4435 gold pieces.
You spent 374 gold pieces at shops.

Inventory:

Hand Weapons
 a - the +7 captain's cutlass (weapon) {speed, disarm}
   (You found it on level 9 of the Dungeon)

   Attacks with this weapon are significantly faster.
 b - a +1 blowgun
 c - a +4 rapier of electrocution
 d - a +4 short sword of holy wrath
 l - a +3 falchion
Missiles
 h - 6 throwing nets (quivered)
 o - 34 tomahawks
 K - 31 poisoned needles
Armour
 n - a +1 cloak (worn)
 q - a +2 robe of magic resistance
 P - a +2 robe of resistance (worn)
 W - a +3 buckler (worn)
Jewellery
 i - a +3 ring of dexterity (right hand)
 m - an uncursed ring of poison resistance
 w - an uncursed ring of protection from magic
 x - a +3 amulet of reflection (around neck)
 A - a +2 ring of slaying (left hand)
 B - an uncursed ring of protection from cold
 E - the amulet of the Air {Inacc +Fly rElec EV+5 RMsl}
   (You found it in an ice cave)

   [amulet of inaccuracy]

   It reduces the accuracy of all your attacks.
   It affects your evasion (+5).
   It insulates you from electricity.
   It lets you fly.
   It protects you from missiles.
 G - an uncursed ring of resist corrosion
 Z - a +6 ring of evasion
Wands
 p - a wand of lightning (7/15)
 v - a wand of confusion (31/48)
 y - a wand of acid (4/15)
 z - a wand of teleportation (3/9)
 J - a wand of acid (4/15)
 T - a wand of iceblast (3/15)
 V - a wand of digging (13/24)
Scrolls
 f - 2 scrolls of blinking
 j - 5 scrolls of recharging
 k - 9 scrolls of identify
 t - 7 scrolls of remove curse
 L - 6 scrolls of fog
 O - 2 scrolls of enchant armour
 Q - 2 scrolls of magic mapping
 R - a scroll of fear
 S - 6 scrolls of teleportation
 U - a scroll of holy word
Potions
 e - a potion of agility
 r - 5 potions of resistance
 s - 3 potions of ambrosia
 u - a potion of haste
 C - 4 potions of flight
 D - a potion of magic
 F - 3 potions of curing
 M - 2 potions of berserk rage
 X - 2 potions of brilliance
Miscellaneous
 I - a phial of floods
Comestibles
 g - 12 bread rations
 Y - 7 fruits


   Skills:
 + Level 8.1 Fighting
 + Level 16.4 Short Blades
 - Level 5.5 Throwing
 + Level 14.0 Dodging
 + Level 19.6 Stealth
 - Level 7.2 Shields
 + Level 13.1 Spellcasting
 - Level 1.0 Conjurations
 + Level 15.9 Hexes
 + Level 7.3 Charms
 - Level 2.7 Translocations
 - Level 2.2 Transmutations
 - Level 3.1 Ice Magic
 - Level 2.2 Air Magic
 - Level 1.0 Earth Magic
 + Level 2.1 Poison Magic
 - Level 10.0 Invocations
 - Level 7.1 Evocations


You had 15 spell levels left.
You knew the following spells:

 Your Spells              Type           Power        Failure   Level  Hunger
a - Ensorcelled Hibernat  Hex/Ice        #####.       1%          2    None
b - Confuse               Hex            ######..     1%          3    None
c - Dazzling Spray        Conj/Hex       #####.       1%          3    None
d - Cause Fear            Hex            ######....   1%          4    #......
e - Passwall              Tmut/Erth      ###.......   6%          2    None
f - Fulminant Prism       Conj/Hex       #####.....   1%          4    #......
g - Blink                 Tloc           N/A          2%          2    None
h - Repel Missiles        Chrm/Air       ####..       1%          2    None
i - Mephitic Cloud        Conj/Pois/Air  ###.....     10%         3    None
j - Ozocubu's Armour      Chrm/Ice       ####....     2%          3    None


Dungeon Overview and Level Annotations

Branches:
Dungeon (15/15)            Temple (1/1) D:5            Lair (6/6) D:9
  Swamp (4/4) Lair:3       Spider (4/4) Lair:4        Slime (0/5) Lair:6
    Orc (2/2) D:10            Elf (0/3) Orc:2        Vaults (2/5) D:14
 Depths (0/5) D:15
  Crypt: Vaults:2-3

Altars:
Ashenzari
Cheibriados
Dithmenos
Elyvilon
Fedhas
Gozag
Hepliaklqana
Kikubaaqudgha
Makhleb
Nemelex Xobeh
Okawaru
Qazlal
Ru
Sif Muna
Trog
Uskayaw
Vehumet
Xom
Yredelemnul
Zin
The Shining One

Shops:
D:6 *   D:15 }   Orc:2 %??=   Vaults:1 =

Portals:
Hell: Lair:6

Annotations:
Swamp:2 exclusion: Roxanne, Roxanne


Innate Abilities, Weirdness & Mutations

You are very small and have problems with some larger weapons.
You are too small for most types of armour.
You have supernaturally acute eyesight. (SInv)
You are a herbivore.
You cover ground extremely quickly.
You need consume almost no food.
You have a pair of small horns on your head.
Your mind is acute. (Int +2)


Message History

The vault warden is almost dead.
You hit the vault warden. Your headbutt misses the vault warden.
The vault warden is almost dead.
You closely miss the vault warden.
You headbutt the vault warden, but do no damage.
The vault warden is almost dead.
The vault warden hits you with a great mace of protection.
* * * LOW HITPOINT WARNING * * *
Casting: Dazzling Spray
Confirm with . or Enter, or press ? or * to list all spells.
Aiming: Confuse
Press: ? - help, Shift-Dir - straight line, f/p - vault warden
Aim: a vault warden, wielding a great mace of protection and wearing a plate armour (black smoke, almost dead, umbra, chance to defeat MR: 44%)
The vault warden resists with some effort.
Your shadow mimicks your spell!
The vault warden resists with almost no effort.
You hit the vault warden but do no damage.
The vault warden is almost dead.
The vault warden hits you with a great mace of protection!!!
You die...

#..........#
#..........## ##+
#..........#. #..
#..........#. ).###
#..........#. #§§#
#..........##
#@§###..........#
#§p##§)+..).......##
#§c #..#...(........
..##.)###....".......
#.. #.. #############
## ..## #.. ##


You could see a vault warden and a yaktaur.

Vanquished Creatures
  Nikola (Spider:2)
  A bone dragon (Swamp:4)
  Rupert (D:15)
  2 thorn hunters (Swamp:2)
  Kirke (D:15)
  A frost giant (IceCv)
  A vault warden (Vaults:2)
  4 ghost moths
  Louise (D:15)
  8 emperor scorpions
  An ironheart preserver (Vaults:1)
  A stone giant (Vaults:2)
  5 entropy weavers
  A dire elephant (Lair:6)
  A minotaur (Lab)
  5 spark wasps
  Snorg (D:13)
  A fire dragon (Vaults:2)
  Harold (D:11)
  5 vault guards
  The ghost of edsrzf the Nimble, a journeyman DEHu of Gozag (IceCv)
  9 hydras
  3 yaktaur captains (Vaults:1)
  A catoblepas (Lair:3)
  4 ghost crabs
  A death knight (D:15)
  8 centaur warriors
  A tengu warrior (D:15)
  6 alligators
  2 death yaks
  7 orc high priests
  Urug (D:15)
  4 ogre magi
  Nergalle (Lair:3)
  A sun demon (Lair:6)
  7 skeletal warriors
  3 unseen horrors
  A flayed ghost (D:15)
  2 wizards
  5 swamp dragons
  2 spriggan druids
  A shambling mangrove (Swamp:2)
  A spectral hydra (Swamp:4)
  A lindwurm (Lair:3)
  A golden dragon skeleton (D:15)
  A phantasmal warrior (D:15)
  A harpy (Vaults:2)
  A necromancer (D:15)
  Pikel (D:5)
  8 orc knights
  6 hill giants
  2 ironbrand convokers (Vaults:2)
  21 orb spiders
  An orc sorcerer (Orc:2)
  A wolf spider zombie (D:13)
  2 manticores (D:15)
  An oklob plant (Lair:6)
  3 moths of wrath
  22 wolf spiders
  8 ugly things
  6 cyclopes
  26 elephants
  2 centaur zombies
  An iron dragon skeleton (D:15)
  A torpor snail (Spider:3)
  8 black mambas
  4 vault sentinels
  2 orange demons (Lair:6)
  A smoke demon (Lair:6)
  Joseph (D:10)
  4 gargoyles
  7 spiny frogs
  5 swamp worm zombies (Swamp:4)
  4 centaur skeletons
  7 komodo dragons
  6 rime drakes
  A yaktaur zombie (D:15)
  6 demonic crawlers
  An efreet (D:12)
  2 freezing wraiths (Vaults:2)
  5 hydra zombies (Swamp:4)
  A yaktaur (shapeshifter) (Vaults:2)
  9 yaktaurs
  A guardian mummy (D:15)
  3 red devils (Lair:6)
  9 trolls
  A hellwing (Lair:6)
  35 jumping spiders
  3 ice devils (Lair:6)
  A tengu conjurer (D:14)
  3 meliai (Spider:3)
  3 tyrant leeches
  14 polar bears (IceCv)
  A fire dragon zombie (D:15)
  13 hornets
  12 dream sheep
  16 slime creatures
  8 two-headed ogres
  5 alligator zombies (Swamp:4)
  4 spectral swamp dragons (Swamp:4)
  11 hippogriffs
  6 bog bodies
  15 blink frogs
  73 redbacks
  Eustachio (D:4)
  7 wraiths
  A centaur simulacrum (D:15)
  A vampire (D:13)
  4 spriggans
  31 tarantellas
  4 water elementals (D:14)
  55 yaks
  A hog (D:15)
  Grum (D:11)
  3 basilisks
  2 wyverns
  11 vampire mosquitoes
  2 hungry ghosts
  Edmund (D:4)
  5 wargs
  A soldier ant (shapeshifter) (D:13)
  17 swamp worms
  9 insubstantial wisps
  A soldier ant (D:12)
  28 water moccasins
  8 porcupines
  A hell hound (Lair:6)
  42 orc warriors
  4 swamp drakes
  A hornet zombie (D:14)
  An ice beast (D:10)
  5 sky beasts
  6 phantoms
  26 ogres
  A slave (D:5)
  4 boggarts (Vaults:1)
  11 centaurs
  2 swamp dragon zombies (Swamp:4)
  14 wolves
  7 crocodiles
  2 big kobolds
  12 bullfrogs
  A wyvern zombie (D:12)
  2 gnoll sergeants (D:10)
  A wyvern skeleton (D:10)
  3 scorpions
  8 wights
  8 electric eels
  A howler monkey (D:10)
  6 crimson imps
  9 hounds
  3 bullfrog zombies
  A quasit (D:5)
  2 bullfrog skeletons (D:12)
  4 jellies
  43 orc priests
  14 orc wizards
  3 iguanas
  Ijyb (D:3)
  Terence (D:3)
  A spectral swamp drake (Swamp:4)
  8 worker ants
  A big kobold zombie (Ossuary)
  9 mummies
  A howler monkey zombie (D:9)
  2 worker ant zombies
  10 gnolls
  2 swamp drake zombies (Swamp:4)
  20 adders
  2 shadow imps
  13 white imps
  An ufetubus (Vaults:1)
  A worm (D:3)
  4 dart slugs
  3 leopard geckos
  85 orcs
  5 giant cockroaches
  4 goblins
  3 hobgoblins
  15 jackals
  3 quokkas
  2 ball pythons
  4 bats
  6 frilled lizards
  2 gnoll zombies (Ossuary)
  5 kobolds (D:1)
  4 kobold zombies (Ossuary)
  A leopard gecko skeleton (D:7)
  An orc zombie (Ossuary)
  2 quokka zombies
  4 rats
1211 creatures vanquished.

Vanquished Creatures (collateral kills)
  3 yaks (D:11)
  4 centaurs (D:11)
7 creatures vanquished.

Vanquished Creatures (others)
  An alligator (Swamp:4)
  A death drake (Swamp:4)
  A human (D:15)
  3 gnolls (D:5)
  A fulminant prism (Spider:1)
  9 toadstools (Lair:3)
16 creatures vanquished.

Grand Total: 1234 creatures vanquished

Notes
Turn   | Place    | Note
-------+----------+-------------------------------------------
     0 | D:1      | AlphabetPasta the Spriggan Assassin began the quest for the Orb.
     0 | D:1      | Reached XP level 1. HP: 10/10 MP: 2/2
   141 | D:1      | Reached skill level 6 in Stealth
   150 | D:1      | Reached XP level 2. HP: 9/15 MP: 3/3
   851 | D:2      | Reached XP level 3. HP: 17/18 MP: 4/4
  1400 | D:3      | Noticed Terence
  1427 | D:3      | Killed Terence
  1427 | D:3      | Reached XP level 4. HP: 13/23 MP: 5/5
  1728 | D:3      | Noticed Ijyb
  1737 | D:3      | Killed Ijyb
  1737 | D:3      | Reached skill level 7 in Stealth
  1737 | D:3      | Reached skill level 1 in Evocations
  1804 | D:3      | Reached XP level 5. HP: 26/26 MP: 6/6
  2353 | D:4      | Noticed Edmund
  2377 | D:4      | Killed Edmund
  2377 | D:4      | Reached XP level 6. HP: 30/31 MP: 8/8
  2672 | D:4      | Noticed Eustachio
  2915 | D:4      | Found a bloodstained altar of Trog.
  2918 | D:4      | Found a hide-covered altar of Uskayaw.
  2920 | D:4      | Found a sparkling altar of Nemelex Xobeh.
  2920 | D:4      | Found a hazy altar of Hepliaklqana.
  2920 | D:4      | Found a blossoming altar of Fedhas.
  2921 | D:4      | Found a basalt altar of Yredelemnul.
  3613 | D:4      | Killed Eustachio
  3613 | D:4      | Reached skill level 5 in Short Blades
  3613 | D:4      | Reached skill level 8 in Stealth
  3613 | D:4      | Reached XP level 7. HP: 31/35 MP: 10/10
  3713 | D:5      | Entered Level 5 of the Dungeon
  3827 | D:5      | Noticed Pikel
  3951 | D:5      | Killed Pikel
  3951 | D:5      | Reached skill level 5 in Dodging
  3951 | D:5      | Reached XP level 8. HP: 40/40 MP: 10/12
  4188 | D:5      | Found a staircase to the Ecumenical Temple.
  4199 | Temple   | Entered the Ecumenical Temple
  4312 | D:5      | Got a fine mace
  4797 | D:6      | Identified the cursed +3 mace of Plunder {protect, rC+ MR++} (You found it on level 5 of the Dungeon)
  5285 | D:6      | Found an opulent altar of Gozag.
  5287 | D:6      | Found Gozag's Platinum Reserve.
  5421 | D:6      | Reached skill level 9 in Stealth
  5421 | D:6      | Reached skill level 5 in Evocations
  5706 | D:7      | Found a sand-covered staircase.
  5726 | Ossuary  | Entered an ossuary
  6031 | Ossuary  | Gained mutation: Your mind is acute. (Int +2) [potion of beneficial mutation]
  6798 | D:8      | Reached XP level 9. HP: 32/45 MP: 14/14
  7761 | D:8      | Reached skill level 10 in Stealth
  8176 | D:9      | Found a staircase to the Lair.
  8176 | D:9      | Noticed a spiny frog
  8204 | D:9      | Killed a spiny frog
  8223 | D:9      | Reached skill level 5 in Throwing
  8481 | D:9      | Noticed a death yak
  8546 | D:8      | Killed a death yak
  8546 | D:8      | Reached XP level 10. HP: 10/51 MP: 16/16
  8837 | D:9      | Reached skill level 5 in Fighting
  8960 | D:9      | Found a shadowy altar of Dithmenos.
  8968 | D:9      | Became a worshipper of Dithmenos the Shadowed
  9115 | D:9      | Found an iron altar of Okawaru.
  9280 | D:9      | Learned a level 2 spell: Ensorcelled Hibernation
  9785 | D:10     | Entered Level 10 of the Dungeon
  9785 | D:10     | Noticed Joseph
  9835 | D:10     | Reached skill level 1 in Spellcasting
  9835 | D:10     | Reached skill level 1 in Invocations
  9850 | D:10     | Reached skill level 1 in Hexes
 10072 | D:10     | Reached skill level 11 in Stealth
 10097 | D:10     | Reached * piety under Dithmenos
 10461 | D:9      | Learned a level 3 spell: Confuse
 10547 | D:10     | Noticed an unseen horror
 10571 | D:10     | Killed an unseen horror
 10760 | D:10     | Killed Joseph
 10760 | D:10     | Reached XP level 11. HP: 38/56 MP: 17/17
 10943 | D:10     | Found a staircase to the Orcish Mines.
 11010 | D:10     | Reached ** piety under Dithmenos
 11144 | D:10     | Reached skill level 10 in Short Blades
 11513 | D:11     | Noticed Harold
 11709 | D:11     | Killed Harold
 11709 | D:11     | Reached skill level 5 in Hexes
 11984 | D:11     | Reached skill level 12 in Stealth
 12360 | D:11     | Noticed Grum
 12382 | D:11     | Killed Grum
 12388 | D:11     | Reached *** piety under Dithmenos
 12879 | D:12     | Noticed a purple ugly thing
 12912 | D:12     | Reached skill level 5 in Spellcasting
 12926 | D:12     | Killed a purple ugly thing
 12963 | D:12     | Noticed a hill giant
 12975 | D:12     | Killed a hill giant
 13581 | Lair:1   | Entered Level 1 of the Lair of Beasts
 13644 | Lair:1   | Noticed a four-headed hydra
 13651 | Lair:1   | Killed a five-headed hydra
 13885 | Lair:1   | Reached XP level 12. HP: 61/61 MP: 17/20
 13890 | Lair:1   | Learned a level 3 spell: Dazzling Spray
 14100 | Lair:1   | Reached skill level 10 in Dodging
 14151 | Lair:1   | Reached **** piety under Dithmenos
 14501 | Lair:1   | Reached skill level 13 in Stealth
 15023 | Lair:2   | Found a frozen archway.
 15083 | Lair:2   | Learned a level 4 spell: Cause Fear
 15209 | IceCv    | Entered an ice cave
 15209 | IceCv    | Noticed edsrzf's ghost (journeyman DEHu)
 15218 | IceCv    | Killed edsrzf's ghost
 15537 | IceCv    | Reached ***** piety under Dithmenos
 15562 | IceCv    | Reached skill level 5 in Invocations
 15784 | IceCv    | Reached skill level 14 in Stealth
 16221 | IceCv    | Noticed a frost giant
 16221 | IceCv    | Noticed a death yak
 16265 | IceCv    | Killed a frost giant
 16283 | IceCv    | Killed a death yak
 16283 | IceCv    | Reached XP level 13. HP: 64/65 MP: 22/24
 16365 | Lair:2   | Learned a level 2 spell: Passwall
 16760 | Lair:3   | Reached skill level 15 in Stealth
 16768 | Lair:3   | Noticed Nergalle
 16776 | Lair:3   | Killed Nergalle
 16776 | Lair:3   | Reached skill level 10 in Hexes
 16980 | Lair:3   | Found a staircase to the Swamp.
 17141 | Lair:3   | Found a runed door.
 17941 | Lair:4   | Found a hole to the Spider Nest.
 17962 | Lair:4   | Reached ****** piety under Dithmenos
 18774 | Lair:5   | Reached skill level 16 in Stealth
 19008 | Lair:5   | Reached skill level 1 in Shields
 19583 | Lair:6   | Entered Level 6 of the Lair of Beasts
 19604 | Lair:6   | Reached XP level 14. HP: 70/70 MP: 27/27
 21020 | Lair:6   | Found a staircase to the Slime Pits.
 21186 | Lair:6   | Found a burning altar of Makhleb.
 21469 | Lair:6   | Found a gateway to Hell.
 21636 | Lair:6   | Got a shimmering steel ring
 21638 | Lair:6   | Identified the ring of Peafipp {rElec rPois Str+2 Int-3 Dex-2} (You took it off a red devil on level 6 of the Lair of Beasts)
 21905 | Orc:1    | Entered Level 1 of the Orcish Mines
 22438 | Orc:1    | Found an iron altar of Okawaru.
 22566 | Orc:2    | Entered Level 2 of the Orcish Mines
 22600 | Orc:2    | Found a staircase to the Elven Halls.
 24221 | Orc:2    | Reached XP level 15. HP: 73/73 MP: 16/29
 24679 | Orc:2    | Found Ughuawyw's Magic Scroll Emporium.
 24679 | Orc:2    | Found Doluutywn's Food Emporium.
 24680 | Orc:2    | Found Xish's Jewellery Emporium.
 24680 | Orc:2    | Found Xito's Magic Scroll Shoppe.
 24690 | Orc:2    | Bought a +2 ring of slaying for 252 gold pieces
 24693 | Orc:2    | Bought a scroll of torment for 90 gold pieces
 25077 | D:13     | Noticed Snorg
 25107 | D:13     | Killed Snorg
 25114 | D:13     | Noticed Rupert
 25245 | D:13     | Reached skill level 5 in Shields
 25249 | D:13     | Reached skill level 17 in Stealth
 25409 | D:13     | Gained mutation: You have a pair of small horns on your head. [potion of beneficial mutation]
 25860 | D:14     | Found a gate to the Vaults.
 25874 | D:14     | Reached skill level 10 in Spellcasting
 26560 | D:14     | Learned a level 4 spell: Fulminant Prism
 27103 | D:15     | Entered Level 15 of the Dungeon
 27124 | D:15     | Found Mesosea's Gadget Shoppe.
 27156 | D:15     | Found a labyrinth entrance.
 27172 | Lab      | Entered a labyrinth
 27256 | Lab      | Got a warped bone ring
 27257 | Lab      | Identified the ring of Licac {Wiz rN+} (You found it in a labyrinth)
 27344 | Lab      | Got a translucent golden amulet
 27374 | Lab      | Identified the amulet of Munuxt {Inacc rN++} (You found it in a labyrinth)
 27390 | D:15     | Noticed Urug
 27393 | D:15     | Killed Urug
 27409 | D:15     | Found a burning altar of Makhleb.
 27608 | D:15     | Noticed Kirke
 27609 | D:15     | Killed Kirke
 27767 | D:15     | Killed Rupert
 28034 | D:15     | Noticed Louise
 28037 | D:15     | Killed Louise
 28206 | D:15     | Found a staircase to the Depths.
 28347 | D:15     | Reached XP level 16. HP: 77/77 MP: 31/31
 28805 | Swamp:1  | Entered Level 1 of the Swamp
 28871 | Swamp:1  | Reached skill level 15 in Short Blades
 29609 | Swamp:2  | Noticed a thorn hunter
 29612 | Swamp:2  | Killed a thorn hunter
 29637 | Swamp:2  | Learned a level 2 spell: Blink
 29640 | Swamp:2  | Learned a level 2 spell: Repel Missiles
 29644 | Swamp:2  | Learned a level 3 spell: Mephitic Cloud
 29889 | Swamp:2  | Noticed Roxanne
 30146 | Swamp:2  | Noticed a thorn hunter
 30148 | Swamp:2  | Killed a thorn hunter
 30953 | Swamp:4  | Entered Level 4 of the Swamp
 30959 | Swamp:4  | Reached skill level 18 in Stealth
 31407 | Swamp:4  | Learned a level 3 spell: Ozocubu's Armour
 31994 | Swamp:4  | Reached skill level 1 in Air Magic
 32791 | Swamp:4  | Reached skill level 1 in Ice Magic
 33063 | Swamp:4  | Noticed a bone dragon
 33127 | Swamp:4  | Killed a bone dragon
 33384 | Swamp:4  | Got a decaying rune of Zot
 33642 | Spider:1 | Entered Level 1 of the Spider Nest
 34439 | Spider:1 | Reached skill level 15 in Hexes
 34481 | Spider:1 | Reached XP level 17. HP: 19/83 MP: 23/33
 34806 | Spider:1 | Reached skill level 1 in Translocations
 35127 | Spider:2 | Noticed Nikola
 35130 | Spider:2 | Killed Nikola
 35130 | Spider:2 | Reached skill level 10 in Invocations
 35601 | Spider:3 | Reached skill level 1 in Charms
 36678 | Spider:4 | Entered Level 4 of the Spider Nest
 36695 | Spider:4 | Reached skill level 1 in Transmutations
 37075 | Spider:3 | Reached skill level 19 in Stealth
 38576 | Spider:4 | Reached XP level 18. HP: 88/88 MP: 32/35
 38584 | Spider:4 | Reached skill level 1 in Earth Magic
 38785 | Spider:4 | Reached skill level 5 in Charms
 38797 | Spider:4 | Reached skill level 1 in Poison Magic
 38821 | Spider:4 | Got a gossamer rune of Zot
 39121 | Vaults:1 | Entered Level 1 of the Vaults
 39144 | Vaults:1 | Found Orronaps's Jewellery Shop.
 39167 | Vaults:1 | Bought a cursed -3 ring of intelligence for 32 gold pieces
 39851 | Vaults:1 | Reached skill level 1 in Conjurations
 40715 | Vaults:2 | Demolished by a vault warden

Skill      XL: |  1  2  3  4  5  6  7  8  9 10 11 12 13 14 15 16 17 18 |
---------------+-------------------------------------------------------+-----
Stealth        | 6 7 8 9 10 11 12 14 16 17 18 19 | 19.6
Dodging        | 2 3 4 5 6 7 8 9 10 11 12 13 14 | 14.0
Short Blades   | 3 4 5 6 7 8 9 11 12 13 14 15 16 | 16.4
Fighting       | 2 3 4 5 6 7 8 |  8.1
Evocations     | 1 2 3 4 5 7 |  7.1
Throwing       | 3 4 5 |  5.5
Spellcasting   | 3 5 6 8 9 10 11 12 13 | 13.1
Invocations    | 2 4 5 6 8 9 10 | 10.0
Hexes          | 4 7 9 11 12 13 15 | 15.9
Shields        | 1 4 6 7 |  7.2
Air Magic      | 1 2 |  2.2
Ice Magic      | 1 3 |  3.1
Translocations | 2 |  2.7
Charms         | 4 7 |  7.3
Transmutations | 2 |  2.2
Earth Magic    | 1 |  1.0
Poison Magic   | 2 |  2.1
Conjurations   | 1 |  1.0

Action                   |  1- 3 |  4- 6 |  7- 9 | 10-12 | 13-15 | 16-18 || total
-------------------------+-------+-------+-------+-------+-------+-------++-------
Melee: Dagger            |   114 |   141 |   199 |     1 |     5 |       ||   460
       Rapier            |       |       |   163 |    64 |    29 |     3 ||   259
       Short sword       |       |       |    91 |    59 |    16 |     6 ||   172
       Cutlass           |       |       |       |   756 |  1037 |   890 ||  2683
       Mace              |       |       |       |    22 |       |       ||    22
       Headbutt          |       |       |       |       |    48 |   150 ||   198
 Fire: Blowgun           |     2 |    52 |    81 |    22 |    15 |       ||   172
Throw: Tomahawk          |       |     1 |    48 |    41 |     5 |       ||    95
       Throwing net      |       |       |       |       |     1 |       ||     1
 Cast: Ensorcelled Hiber |       |       |       |    35 |   210 |   258 ||   503
       Confuse           |       |       |       |    36 |   132 |    96 ||   264
       Dazzling Spray    |       |       |       |       |     1 |    49 ||    50
       Blink             |       |       |       |       |       |     6 ||     6
       Fulminant Prism   |       |       |       |       |       |     1 ||     1
       Ozocubu's Armour  |       |       |       |       |       |    19 ||    19
       Mephitic Cloud    |       |       |       |       |       |     5 ||     5
       Repel Missiles    |       |       |       |       |       |     1 ||     1
Invok: Shadow Step       |       |       |       |       |     5 |     8 ||    13
 Abil: Evoke Flight      |       |       |       |       |       |     7 ||     7
Evoke: Wand              |       |     6 |       |     4 |     1 |     4 ||    15
  Use: Scroll            |     6 |     5 |    21 |     4 |    14 |    18 ||    68
       Potion            |       |     2 |     3 |     5 |     3 |    14 ||    27
 Stab: Sleeping          |    16 |    14 |    11 |    47 |   216 |   283 ||   587
       Distracted        |       |       |     1 |     7 |     7 |     6 ||    21
       Confused          |       |       |       |    26 |    82 |    78 ||   186
       Held in net/web   |       |       |       |       |     2 |       ||     2
       Invisible         |       |       |       |       |       |    24 ||    24
  Eat: Pizza             |       |       |     2 |       |     2 |     2 ||     6
       Bread ration      |       |       |     1 |     1 |       |       ||     2
       Royal jelly       |       |       |     1 |       |     1 |       ||     2
       Fruit             |       |       |       |     7 |     2 |    10 ||    19
Armor: Robe              |     8 |     9 |    29 |    34 |    13 |    27 ||   120
Dodge: Dodged            |    81 |   111 |   285 |   496 |   548 |   765 ||  2286
       Deflected         |       |       |       |       |       |     1 ||     1
Block: Other             |       |       |    28 |    56 |    33 |       ||   117
       Reflection        |       |       |       |     3 |    14 |     1 ||    18
       Buckler           |       |       |       |       |   157 |   265 ||   422
